 Dungeon Crawl Stone Soup version 0.24.1-4-ge52af88ad5 (webtiles) character file.

Game seed: 15134533588110258921, levelgen mode: deterministic

60 Destapler the Skirmisher (level 4, -2/40 HPs)
             Began as a Ghoul Monk on Apr 12, 2020.
             Slain by a gnoll
             ... wielding a +0 spear
              (4 damage)
             ... on level 2 of the Dungeon.
             The game lasted 00:04:12 (1575 turns).

Destapler the Skirmisher (Ghoul Monk)               Turns: 1575, Time: 00:04:13

Health: -2/40      AC:  2    Str: 14    XL:     4   Next: 4%
Magic:  3/3        EV: 19    Int:  5    God:
Gold:   126        SH:  0    Dex: 17    Spells: 3/3 levels left

rFire    . . .     SeeInvis .     - Unarmed
rCold    + . .     Gourm    .   (no shield)
rNeg     + + +     Faith    .   a - +0 robe
rPois    ∞         Spirit   .   (no helmet)
rElec    .         Reflect  .   (no cloak)
rCorr    .         Harm     .   (no gloves)
MR       .....     Rnd*Tele +   (no boots)
Stlth    +++.......             (no amulet)
HPRegen  0.00/turn              d - ring of teleportation (curse)
MPRegen  0.08/turn              p - ring of poison resistance

@: agile, rotting
A: rotting body, claws 1, carnivore, cold resistance 1, negative energy
resistance 3, inhibited regeneration, torment resistance, unbreathing
a: no special abilities


You were on level 2 of the Dungeon.
You were not hungry.

You visited 1 branch of the dungeon, and saw 2 of its levels.

You collected 126 gold pieces.

Inventory:

Missiles
 h - 7 poisoned darts (quivered)
 o - 3 atropa-tipped darts
Armour
 a - a +0 robe (worn)
Jewellery
 d - a cursed ring of teleportation (left claw)
 p - a ring of poison resistance (right claw)
Scrolls
 m - a scroll of identify
Potions
 f - a potion of experience {unknown}
 g - a potion of resistance {unknown}
 j - a potion of brilliance {unknown}
 k - a potion of lignification {unknown}
Comestibles
 b - 3 rations


   Skills:
 + Level 3.8 Fighting
 + Level 3.2 Dodging
 + Level 3.1 Stealth
 + Level 3.8 Unarmed Combat


You had 3 spell levels left.
You didn't know any spells.
Your spell library was empty.

Dungeon Overview and Level Annotations

Branches:
Dungeon (2/15)

Altars:


Innate Abilities, Weirdness & Mutations

Your body is rotting away.
You thrive on raw meat.
You are immune to poison.
You have sharp fingernails.
You are carnivorous and can eat meat at any time.
Your flesh is cold resistant. (rC+)
You are immune to negative energy. (rN+++)
You do not regenerate when monsters are visible.
You are immune to unholy pain and torment.
You can survive without breathing.


Message History

Eat one of 2 chunks of flesh? (ye/n/q)
You eat one of the 2 chunks of flesh.
This raw flesh tastes great!
The gnoll hits you from afar with a +0 spear.
* * * LOW HITPOINT WARNING * * *
The gnoll hits you with a +0 spear.
* * * LOW HITPOINT WARNING * * *
The gnoll hits you from afar with a +0 spear.
* * * LOW HITPOINT WARNING * * *
You feel agile all of a sudden. The gnoll completely misses you.
The gnoll hits you but does no damage.
Eat a chunk of flesh? (ye/n/q)
You eat the chunk of flesh.
This raw flesh tastes great!
The gnoll hits you with a +0 spear.
* * * LOW HITPOINT WARNING * * *
The gnoll hits you from afar with a +0 spear!
* * * LOW HITPOINT WARNING * * *
Okay, then.
You scratch the gnoll but do no damage. The gnoll barely misses you.
The gnoll hits you from afar with a +0 spear.
You die...

.#### #.######......... ....#
#......#...##.... .##.#
#.##...÷......##. .##.#
#.##...#.....##*, ###.#
##...........##**, ##.####
#.#.######......,, #.....# #..##
##.####** #...#.# #.## *.#
#.#.#.# #@# *#'## #...#.# #g#
*#..%#* #.....# #g# *#.....**
##.#.### ##g## *#......,**
#....##########...####.......,,**
..............>.....)g.......,,',
#....#####........####.......,,**
##.#.# #.####..## *#(.(...,*,,
####.## #,* *#..# *#...(.**,*


You could see 3 gnolls.

Vanquished Creatures
  A gnoll (D:2)
  A leopard gecko (D:1)
  7 bats
  2 giant cockroaches
  6 goblins
  7 hobgoblins
  2 jackals (D:2)
  7 kobolds
  A ball python (D:2)
  2 frilled lizards (D:1)
  9 rats
45 creatures vanquished.

Notes
Turn   | Place    | Note
-------+----------+-------------------------------------------
     0 | D:1      | Destapler the Ghoul Monk began the quest for the Orb.
     0 | D:1      | Reached XP level 1. HP: 19/19 MP: 0/0
   170 | D:1      | Reached XP level 2. HP: 21/26 MP: 1/1
   805 | D:1      | Reached XP level 3. HP: 29/31 MP: 2/2
  1559 | D:2      | Reached XP level 4. HP: 18/40 MP: 3/3
  1574 | D:2      | HP: 2/40 [gnoll/+0 spear (10)]
  1575 | D:2      | Slain by a gnoll

Levels and vault maps discovered:
D:1:      mrwooster_arrival_statue_3, layout_basic, skrybe_limestone_x,
          minmay_tetromino_i4
D:2:      layout_loops_corners

Skill      XL: |  1  2  3 |
---------------+----------+-----
Dodging        | 3 |  3.2
Stealth        | 3 |  3.1
Fighting       | |  3.8
Unarmed Combat | |  3.8

Action                   |  1- 3 |  4- 6 || total
-------------------------+-------+-------++-------
Melee: Unarmed           |   167 |     1 ||   168
       Punch             |     2 |       ||     2
Throw: Dart              |     5 |       ||     5
  Use: Scroll            |     4 |       ||     4
       Potion            |       |     1 ||     1
 Stab: Sleeping          |     7 |       ||     7
  Eat: Chunk             |    12 |     4 ||    16
Armor: Robe              |    36 |     1 ||    37
Dodge: Dodged            |   143 |     3 ||   146
